 Dungeon Crawl Stone Soup version 0.18.1-50-g88ac8fd (webtiles) character file.

218 KarmaPolice the Ducker (level 5, -3/46 HPs)
             Began as a Draconian Berserker on Oct 5, 2016.
             Was a Priest of Trog.
             Slain by Aleksmastering's ghost (13 damage)
             ... on level 4 of the Dungeon.
             The game lasted 00:18:29 (3211 turns).

KarmaPolice the Ducker (Draconian Berserker)        Turns: 3211, Time: 00:18:29

Health: -3/46      AC:  5    Str: 19    XL:     5   Next: 63%
Magic:  5/5        EV: 14    Int:  4    God:    Trog [***...]
Gold:   105        SH:  0    Dex: 12    Spells: 0 memorised, 4 levels left

rFire  + + .     SeeInvis +     Q - +9 long sword of Midnight {venom, rPois rF++ Int-3 SInv}
rCold  . . .     Gourm    .     (armour unavailable)
rNeg   . . .     Faith    .     (no shield)
rPois  +         Spirit   .     (helmet restricted)
rElec  .         Dismiss  .     (no cloak)
rCorr  .         Reflect  .     (no gloves)
SustAt .         Harm     .     (no boots)
MR     ++...                    (no amulet)
Stlth  +.........               (no ring)
                                (no ring)

@: regenerating, very resistant to hostile enchantments, very unstealthy
A: unfitting armour, cold-blooded, AC +5
a: Berserk, Trog's Hand, Burn Spellbooks, Renounce Religion


You were on level 4 of the Dungeon.
You worshipped Trog.
Trog was most pleased with you.
You were not hungry.

You visited 1 branch of the dungeon, and saw 4 of its levels.

You collected 105 gold pieces.

Inventory:

Hand Weapons
 a - a +0 falchion
 c - a +0 mace
 h - a +0 club
 n - a +0 club
 o - a +0 dagger
 s - a +0 dagger
 w - a +0 mace
 x - a +0 whip
 z - a +0 dagger
 A - a +0 hunting sling
 F - a cursed +0 short sword
 J - a +0 short sword
 K - a +0 falchion
 M - a +0 club
 N - a +0 club
 O - a +0 dagger
 Q - the +9 long sword of Midnight (weapon) {venom, rPois rF++ Int-3 SInv}
   (You found it on level 4 of the Dungeon)

   It poisons the flesh of those it strikes.
   It affects your intelligence (-3).
   It greatly protects you from fire.
   It protects you from poison.
   It lets you see invisible.
Armour
 b - a +1 ring mail of magic resistance
 d - a +0 leather armour
 e - a +0 scale mail
 g - a +0 ring mail
 i - a +0 robe
 l - a cursed +0 robe
 q - a +0 robe
 y - a +0 ring mail
Wands
 L - a wand of random effects (31/48)
Scrolls
 j - a scroll of remove curse
 H - a scroll of noise {unknown}
 I - 2 scrolls of amnesia {unknown}
Potions
 k - 2 potions of curing
 m - a potion of brilliance {unknown}
 p - a potion of degeneration {unknown}
 r - 2 potions of cure mutation {unknown}
 v - a potion of agility {unknown}
 B - a potion of lignification {unknown}
 E - a potion of heal wounds {unknown}
 P - a potion of mutation {unknown}
Comestibles
 f - 2 meat rations
 t - 2 beef jerkies
 u - a slice of pizza
 C - 3 fruits
 G - a bread ration


   Skills:
 * Level 4.1 Fighting
 * Level 3.8 Long Blades
 * Level 4.8 Dodging
 * Level 1.0 Stealth


You had 4 spell levels left.
You didn't know any spells.

Dungeon Overview and Level Annotations

Branches:
Dungeon (4/15)
 Temple: D:4-7

Altars:

Annotations:
D:4 Aleksmastering's ghost, novice MiFi


Innate Abilities, Weirdness & Mutations

Your plain brown scales are hard (AC +5).
Your body does not fit into most forms of armour.
You are cold-blooded and may be slowed by cold attacks.


Message History

You hit Aleksmastering's ghost but do no damage.
The adder skeleton barely misses you.
Aleksmastering's ghost whispers, "The ORB doesn't exist."
Aleksmastering's ghost hits you!!
* * * LOW HITPOINT WARNING * * *
You hit Aleksmastering's ghost.
Aleksmastering's ghost is lightly damaged.
The adder skeleton completely misses you.
Aleksmastering's ghost barely misses you.
The adder skeleton closely misses you. The adder skeleton closely misses you.
Your skin crawls.
You feel resistant to hostile enchantments.
You feel slightly more hungry. The adder skeleton closely misses you.
Aleksmastering's ghost barely misses you.
You hit Aleksmastering's ghost.
Aleksmastering's ghost is lightly damaged.
The adder skeleton bites you but does no damage.
Aleksmastering's ghost hits you!
You die...

##.#.# .... #.#.#
#... #(#.# #..#
#...# #.##..#
##..# #.##..# #..#
#.##..# . #..#
#.##..#####?. #..#
#.#ZW).......
#..###...@)#.....
#........#.#.####
#............#
##########........
#########


You could see Aleksmastering's ghost and an adder skeleton.

Vanquished Creatures
  Natasha (thrice) (D:2)
  A worker ant (D:4)
  Robin (D:3)
  3 adders (D:2)
  A worm (D:2)
  A dart slug (D:1)
  2 giant geckos
  5 orcs (D:4)
  8 bats
  3 giant cockroaches
  17 goblins
  8 hobgoblins
  2 jackals (D:1)
  A quokka (D:3)
  2 giant newts
  4 kobolds
  10 rats
72 creatures vanquished.

Notes
Turn   | Place    | Note
--------------------------------------------------------------
     0 | D:1      | KarmaPolice the Draconian Berserker began the quest for the Orb.
     0 | D:1      | Reached XP level 1. HP: 19/19 MP: 1/1
   174 | D:1      | Reached XP level 2. HP: 24/26 MP: 2/2
   757 | D:1      | Reached ** piety under Trog
   757 | D:1      | Reached XP level 3. HP: 23/31 MP: 3/3
   941 | D:2      | Noticed Natasha
   949 | D:2      | Killed Natasha
  1018 | D:2      | Noticed Natasha
  1029 | D:2      | Killed Natasha
  1029 | D:2      | Reached XP level 4. HP: 20/40 MP: 4/4
  1073 | D:2      | Noticed Natasha
  1087 | D:2      | HP: 2/40 [Natasha (2)]
  1089 | D:2      | Killed Natasha
  1706 | D:2      | Reached XP level 5. HP: 27/46 MP: 5/5
  2385 | D:3      | Noticed Robin
  2415 | D:3      | Reached *** piety under Trog
  2420 | D:3      | HP: 2/46 [goblin/dagger[Robin] (1)]
  2428 | D:3      | Killed Robin
  3054 | D:4      | Reached skill level 1 in Stealth
  3158 | D:4      | Got a twisted long sword
  3160 | D:4      | Identified the +9 long sword of Midnight {venom, rPois rF++ Int-3 SInv} (You found it on level 4 of the Dungeon)
  3199 | D:4      | Noticed Aleksmastering's ghost (novice MiFi)
  3211 | D:4      | Slain by Aleksmastering's ghost

Skill      XL: |  1  2  3  4  5 |
---------------+----------------+-----
Dodging        | 3 4 |  4.8
Fighting       | 4 |  4.1
Stealth        | 1 |  1.0
Long Blades    | |  3.8

Action                   |  1- 3 |  4- 6 || total
-------------------------+-------+-------++-------
Melee: Falchion          |    92 |   119 ||   211
       Tailslap          |     8 |    16 ||    24
       Long sword        |       |    15 ||    15
Invok: Trog's Hand       |       |     2 ||     2
       Berserk           |       |     1 ||     1
  Use: Scroll            |       |     3 ||     3
  Eat: Bread ration      |       |     1 ||     1
       Meat ration       |       |     1 ||     1
Armor: Skin              |    52 |    54 ||   106
Dodge: Dodged            |   111 |   123 ||   234
